[Event "*** SCC Grand Prix: Titled Tuesday Blitz"]
[Site "Chess.com"]
[Date "2020.10.13"]
[Round "9"]
[White "ChelsieMonica"]
[Black "FMKonstantin_Twitch"]
[Result "0-1"]
[WhiteElo "2382"]
[BlackElo "2555"]
[TimeControl "180+1"]
[EndTime "11:44:30 PDT"]
[Termination "FMKonstantin_Twitch won by resignation"]

1. e4 d5 2. exd5 Qxd5 3. Nc3 Qe6+ 4. Be2 Qg6 5. Bf3 Nc6 6. d4 Bf5 7. Nge2 O-O-O 8. O-O e5 9. d5 Nb4 10. Be3 Nxc2 11.
Bxa7 Nxa1 12. Qxa1 Qa6 13. Be3 Nf6 14. Ng3 Bd3 15. Rd1 Bb4 16. Qc1 Rhe8 17. a3 Bd6 18. b4 e4 19. b5 Qxa3 20. Qxa3 Bxa3 21. Bg5 exf3 22. Rxd3 Re1+ 23. Nf1 fxg2 24. Kxg2 Bb4 25. Bxf6 gxf6 26. Nd1 c6 27. bxc6 bxc6 28. Nde3 cxd5 29.
Nxd5 Bc5 30. Nfe3 Bxe3 31. fxe3 Rd6 32. Rc3+ Kd8 33. Nf4 Rd2+ 34. Kf3 Rxh2 35. Ke4 h5 36. Kf5 h4 37. Kxf6 h3 38. e4 Rf2 39. Ke5 h2 40. Nd5 Rxe4+ 41. Kd6 Re6+ 42. Kc5 h1=Q 43. Rd3 Rc2+ 44.
Nc3+ Kc8 0-1

[Event "*** SCC Grand Prix: Titled Tuesday Blitz"]
[Site "Chess.com"]
[Date "2020.10.13"]
[Round "9"]
[White "TC2304"]
[Black "nelsoncopa"]
[Result "1-0"]
[WhiteElo "2234"]
[BlackElo "1816"]
[TimeControl "180+1"]
[EndTime "11:44:31 PDT"]
[Termination "TC2304 won by resignation"]

1. d4 d5 2. c4 e5 3. dxe5 d4 4. a3 Nc6 5. e3 dxe3 6. Qxd8+ Nxd8 7. Bxe3 Be6 8. Nc3 c6 9. Nf3 Ne7 10. Be2 Ng6 11. O-O Be7 12. Rfd1 h6 13. Ne4 O-O 14. b4 b6 15. Nd6 Rb8 16. Nd4 Nxe5 17. Nxe6 Nxe6 18.
f4 Ng6 19. f5 Rbd8 20. c5 bxc5 21. bxc5 Ng5 22. fxg6 fxg6 23. Bc4+ Kh7 24. Bxg5 Bxg5 25. Nf7 Rxd1+ 26. Rxd1 Bf6 27. Rd7 a5 28. a4 Rb8 29.
Kf1 Rb1+ 30. Ke2 Rb2+ 31. Rd2 Rb4 32. Rc2 Rxa4 33. Nd6 Ra3 34. Be6 Ra1 35. Bd7 a4 36. Bxc6 a3 37. Bd5 Bd4 38. c6 Be5 39. c7 Bxd6 40. c8=Q h5 41. Qg8+ Kh6 42. Qh8+ Kg5 43.
Qxg7 Rg1 44. Bf7 Rxg2+ 45. Kd3 Kf5 46. Rxg2 1-0

[Event "*** SCC Grand Prix: Titled Tuesday Blitz"]
[Site "Chess.com"]
[Date "2020.10.13"]
[Round "9"]
[White "tptagain"]
[Black "Reader777"]
[Result "1-0"]
[WhiteElo "2868"]
[BlackElo "2710"]
[TimeControl "180+1"]
[EndTime "11:44:32 PDT"]
[Termination "tptagain won by resignation"]

1. e4 c5 2. Nc3 Nc6 3. Nf3 e6 4. Bb5 Nge7 5. O-O a6 6. Bxc6 Nxc6 7. d4 cxd4 8. Nxd4 Be7 9. Nxc6 bxc6 10. b3 O-O 11.
Bb2 d5 12. Qh5 Bf6 13. Rad1 Bb7 14. Na4 Bxb2 15. Nxb2 c5 16. c4 Qa5 17. Na4 dxc4 18.
Qxc5 Qb5 19. f3 cxb3 20. Qxb5 axb5 21. Nc5 bxa2 22. Nxb7 Ra3 23. Ra1 b4 24. Rf2 Rb8 25.
Nd6 b3 26. Rb2 Ra4 27. Kf2 Rd4 28. e5 f6 29. Ne4 fxe5 30. Ke3 Kf7 31. Nd2 Rdb4 32.
Kd3 Kf6 33. Kc3 Rh4 34. h3 Kg5 35. Rxb3 Rxb3+ 36. Nxb3 Kf4 37. Rxa2 Kg3 38. Nc5 Rf4 39.
Ne4+ 1-0

[Event "*** SCC Grand Prix: Titled Tuesday Blitz"]
[Site "Chess.com"]
[Date "2020.10.13"]
[Round "9"]
[White "UCantHandleDenker"]
[Black "PlotnikovPavel"]
[Result "1-0"]
[WhiteElo "2538"]
[BlackElo "2374"]
[TimeControl "180+1"]
[EndTime "11:44:32 PDT"]
[Termination "UCantHandleDenker won by checkmate"]

1. Nf3 d6 2. g3 Nf6 3. Bg2 g6 4. O-O Bg7 5. c4 O-O 6. Nc3 Nbd7 7. d3 c6 8. Rb1 Qc7 9. b4 b6 10. a4 Bb7 11. b5 c5 12. Bd2 e6 13. a5 bxa5 14. Na4 Rfe8 15. Qe1 d5 16. Bxa5 Qd6 17. Bc3 d4 18. Bb2 e5 19. Nd2 Bxg2 20. Kxg2 a6 21. b6 Nxb6 22. Nxb6 Qxb6 23. f3 Qc6 24. Ne4 Nxe4 25.
fxe4 a5 26. Ba3 a4 27. Qf2 f6 28. Rb5 Reb8 29. Rxc5 Qe6 30. Rd5 Rb3 31. Ra1 Ra6 32. Qe1 Bh6 33. Ra5 Be3 34. Bc5 a3 35. R1xa3 Rxa3 36. Rxa3 Qc6 37. Qb1 Kg7 38. Qb5 Qxb5 39. cxb5 Re6 40.
Ra7+ Kh6 41. b6 Re8 42. b7 Rb8 43. Bd6 Rxb7 44. Rxb7 Kg5 45. h4+ Kg4 46. Rxh7 Bd2 47. Be7 f5 48. Rg7 Kh5 49. Rh7+ Kg4 50. Rg7 Kh5 51. Kh3 Bh6 52. Rh7 g5 53. Bxg5 Kg6 54. Rxh6+ Kf7 55. exf5 Kg7 56. Rg6+ Kf7 57. h5 Kf8 58. h6 Kf7 59. h7 Ke8 60. h8=Q+ Kd7 61. Qh7+ Kc8 62. Rg8# 1-0

[Event "*** SCC Grand Prix: Titled Tuesday Blitz"]
[Site "Chess.com"]
[Date "2020.10.13"]
[Round "9"]
[White "Sergienko_Sergey"]
[Black "EddieMarsalla"]
[Result "0-1"]
[WhiteElo "2397"]
[BlackElo "2562"]
[TimeControl "180+1"]
[EndTime "11:44:33 PDT"]
[Termination "EddieMarsalla won on time"]

1. e4 d5 2. exd5 Qxd5 3. Nc3 Qe5+ 4. Be2 c6 5. d4 Qc7 6. Nf3 Bf5 7. O-O e6 8. Nh4 Bg6 9. Nxg6 hxg6 10. h3 Nf6 11. Bf3 Nbd7 12. Qe2 Be7 13. Ne4 Nxe4 14. Qxe4 Nf6 15. Qe2 O-O 16. c3 Rad8 17. Re1 Rfe8 18. Bd2 c5 19. dxc5 Bxc5 20. Rad1 Qb6 21. Bc1 Rxd1 22.
Rxd1 a5 23. b3 Qc7 24. Qb5 b6 25. Bg5 Rd8 26. Rxd8+ Qxd8 27. b4 axb4 28. cxb4 Bd4 29. a4 Bc3 30. Be3 Bd4 31. Qd3 e5 32. Bxd4 exd4 33. Be2 Qe7 34. Qb5 Qc7 35. g3 Qc1+ 36. Kg2 Kh7 37. Qxb6 Qd2 38. Qb5 Ne4 39. Qd3 Qxb4 40.
Qxe4 Qxa4 41. Qh4+ Kg8 42. Qd8+ Kh7 43. Qd5 f5 44. Bc4 Kh6 45. Qg8 g5 46. Qe6+ g6 47. Qf7 Qa8+ 48. Bd5 Qh8 49. Qe6 d3 50. Qe3 Qc3 51. Bf3 Qc2 52. h4 d2 53. Qxg5+ Kg7 54. h5 d1=Q 55. Qxg6+ Kh8 56. Bxd1 Qxd1 57. Qxf5 Kg7 58.
Qg5+ Kh8 59. Qh6+ Kg8 60. Qg6+ Kh8 61. Qf5 Qa4 62. g4 Qa8+ 63. Qf3 Qg8 64. Qf5 Qa8+ 65. Qf3 Qb8 66. Kg1 Qb1+ 67. Kg2 Qb8 68. Qf6+ Kg8 69. Qg6+ Kh8 70. h6 Qa8+ 0-1

[Event "*** SCC Grand Prix: Titled Tuesday Blitz"]
[Site "Chess.com"]
[Date "2020.10.13"]
[Round "9"]
[White "Chessbard1972"]
[Black "jamalm2"]
[Result "1-0"]
[WhiteElo "2340"]
[BlackElo "1796"]
[TimeControl "180+1"]
[EndTime "11:44:34 PDT"]
[Termination "Chessbard1972 won on time"]

1. e4 c5 2. d4 cxd4 3. c3 dxc3 4. Nxc3 d6 5. Bc4 Nf6 6. h3 Nc6 7. Nf3 e6 8. O-O Be7 9. Qe2 a6 10. a4 Qc7 11. Bf4 O-O 12. Rac1 Nd7 13. Ba2 Qa5 14. Rfd1 Nde5 15. Nd4 Nxd4 16. Rxd4 Bd7 17. Be3 Bc6 18. b4 Qd8 19. f4 Ng6 20. b5 axb5 21. axb5 Bd7 22.
Rd2 e5 23. Nd5 Be6 24. f5 Bxd5 25. Bxd5 Nf4 26. Bxf4 exf4 27. Bxb7 Qb6+ 28. Qf2 Qxb7 29. Rb1 h6 30. Rd5 Ra3 31. Qxf4 Qb6+ 32. Kh1 Rfa8 33.
Rdd1 Ra2 34. Qg4 Bg5 35. h4 Bf6 36. Re1 Rf2 37. Rec1 Raa2 38. Rg1 Qe3 39. Rbe1 1-0

[Event "*** SCC Grand Prix: Titled Tuesday Blitz"]
[Site "Chess.com"]
[Date "2020.10.13"]
[Round "9"]
[White "Fandorine"]
[Black "Beltsychess"]
[Result "1-0"]
[WhiteElo "2858"]
[BlackElo "2648"]
[TimeControl "180+1"]
[EndTime "11:44:35 PDT"]
[Termination "Fandorine won by resignation"]

1. e4 Nf6 2. d3 d5 3. e5 Nfd7 4. d4 Nb6 5. Bd3 Nc6 6. c3 g6 7. f4 Bf5 8. Nf3 Bxd3 9. Qxd3 e6 10. O-O h5 11. Nbd2 Ne7 12. Ng5 Nf5 13. a4 c5 14.
a5 Nd7 15. Ndf3 c4 16. Qc2 Qc7 17. g3 Rc8 18. Kg2 Be7 19. Bd2 Nb8 20. h3 Nc6 21. Qa4 Qd7 22. Rh1 Bxg5 23. Nxg5 Qe7 24. g4 Ng7 25.
Qb5 a6 26. Qa4 Qd7 27. b3 cxb3 28. Qxb3 Na7 29. Rhb1 Nb5 30. Ra4 Qc6 31. Rb4 hxg4 32. hxg4 Ke7 33. Rxb5 Qxb5 34. Qxb5 axb5 35. Rxb5 Rc7 36.
Bc1 Rhc8 37. Ba3+ Ke8 38. Bb4 Kd8 39. Rb6 Ne8 40. a6 bxa6 41. Rxa6 Rxc3 42. Nxf7+ Kd7 43. Bxc3 Rxc3 44. Ra7+ Nc7 45. Ng5 Rc4 46. Kf2 Rxd4 47. Rxc7+ 1-0

[Event "*** SCC Grand Prix: Titled Tuesday Blitz"]
[Site "Chess.com"]
[Date "2020.10.13"]
[Round "9"]
[White "LedakovAlexandr"]
[Black "Srisshhhtea"]
[Result "1-0"]
[WhiteElo "2466"]
[BlackElo "2288"]
[TimeControl "180+1"]
[EndTime "11:44:35 PDT"]
[Termination "LedakovAlexandr won on time"]

1. d4 d5 2. Nf3 Nf6 3. c4 e6 4. g3 Be7 5. Bg2 O-O 6. O-O dxc4 7. Qc2 Nc6 8. Qxc4 a5 9. Nc3 Bd7 10. Rd1 Qc8 11. e4 Nb4 12. a3 Na6 13. Ne5 Rd8 14.
Nxd7 Nxd7 15. Be3 Nb6 16. Qb5 Qd7 17. Qe2 Na4 18. Na2 Qe8 19. Rac1 Rac8 20. Nc3 c5 21. Nb5 c4 22. Nc3 Nxc3 23. bxc3 b5 24. Ra1 Rb8 25. a4 b4 26. Qxc4 Rb6 27. d5 Rc8 28. Qe2 Bc5 29.
cxb4 Nxb4 30. Rac1 Bxe3 31. Qxe3 Rbb8 32. d6 Qxa4 33. e5 Rd8 34. Be4 h6 35. f4 Qb5 36. Rc7 Rbc8 37. Rdc1 1-0

[Event "*** SCC Grand Prix: Titled Tuesday Blitz"]
[Site "Chess.com"]
[Date "2020.10.13"]
[Round "9"]
[White "tandaleo"]
[Black "annacramling"]
[Result "1-0"]
[WhiteElo "2348"]
[BlackElo "2009"]
[TimeControl "180+1"]
[EndTime "11:44:36 PDT"]
[Termination "tandaleo won by checkmate"]

1. Nf3 c5 2. b3 Nc6 3. Bb2 d5 4. e3 Nf6 5. c4 d4 6. exd4 cxd4 7. g3 e5 8. d3 Bb4+ 9. Nbd2 e4 10. dxe4 Nxe4 11.
a3 Bc3 12. Qc2 Qe7 13. O-O-O Bxd2+ 14. Nxd2 Nxf2 15. Bg2 Nxd1 16. Rxd1 O-O 17. Be4 h6 18. Nf3 f5 19. Bd5+ Kh7 20. Nxd4 Qe3+ 21. Kb1 Nxd4 22.
Bxd4 Qe7 23. Qf2 Qxa3 24. Bc5 Qxb3+ 25. Qb2 Qxd1+ 26. Ka2 Qa4+ 27. Kb1 Qd1+ 28. Ka2 Qg4 29. Bxf8 Bd7 30. Qxb7 Re8 31. Qxd7 Re2+ 32. Ka3 Qf4 33.
gxf4 Re3+ 34. Kb4 Re2 35. Qxg7# 1-0

[Event "*** SCC Grand Prix: Titled Tuesday Blitz"]
[Site "Chess.com"]
[Date "2020.10.13"]
[Round "9"]
[White "BJthechessgod"]
[Black "korkmaz16"]
[Result "0-1"]
[WhiteElo "2247"]
[BlackElo "2377"]
[TimeControl "180+1"]
[EndTime "11:44:37 PDT"]
[Termination "korkmaz16 won by resignation"]

1. e4 e6 2. d4 d5 3. Nc3 Nf6 4. e5 Nfd7 5. f4 c5 6. Nf3 Nc6 7. Be3 Qb6 8. a4 a6 9. Rb1 cxd4 10. Bxd4 Nxd4 11. Nxd4 Bc5 12. Nce2 O-O 13. c3 f6 14.
exf6 Nxf6 15. b4 Bd6 16. g3 e5 17. fxe5 Bxe5 18. Nf3 Ng4 19. Nxe5 Qf2+ 20. Kd2 Qe3+ 21. Kc2 Qxe5 22. Qd4 Bf5+ 23. Kb2 Qxd4 24. Nxd4 Bxb1 25. Kxb1 Rac8 26. Bg2 Rxc3 27. Bxd5+ Kh8 28. Ne6 Re8 29. Kb2 Re3 30. Ng5 Re2+ 31. Kb3 R8e3+ 32. Kc4 Rc2+ 33. Kd4 Rd2+ 34. Kc5 b6+ 35. Kd6 Nf6 36. Nf7+ Kg8 37. Ng5+ Kf8 38. Ne6+ Rxe6+ 39. Kxe6 Rxd5 40. Rc1 Rd4 41. Rc8+ Ne8 42. Ra8 Rxb4 43. Kd7 Rd4+ 44. Ke6 a5 45.
Ra6 Nc7+ 46. Ke5 Nxa6 47. Kxd4 Nc7 48. Ke5 Ke7 49. Kd4 Kd6 50. Kc4 Kc6 0-1

[Event "*** SCC Grand Prix: Titled Tuesday Blitz"]
[Site "Chess.com"]
[Date "2020.10.13"]
[Round "9"]
[White "bakki78"]
[Black "Savagelittlemole"]
[Result "0-1"]
[WhiteElo "2729"]
[BlackElo "2599"]
[TimeControl "180+1"]
[EndTime "11:44:38 PDT"]
[Termination "Savagelittlemole won by resignation"]

1. e4 c5 2. c3 Nf6 3. e5 Nd5 4. Na3 d6 5. exd6 exd6 6. d4 Be7 7. Nf3 O-O 8. Be2 Bg4 9. h3 Bh5 10. O-O Nc6 11. Nc2 Bg6 12. Ne3 Nf4 13. Bb5 cxd4 14. Nxd4 Nxd4 15. Qxd4 Ne6 16. Qd1 a6 17. Bc4 b5 18.
Bd5 Rc8 19. a4 Nc5 20. axb5 axb5 21. Bf3 Bg5 22. Nd5 Bxc1 23. Rxc1 Re8 24. Ra1 Nd3 25. b3 Re5 26. Qd2 Qe8 27. b4 Qe6 28. Ne3 Re8 29. Nc2 Qf6 30. Nd4 Nf4 31. Bc6 Rc8 32. Bb7 Rb8 33. Bf3 Rbe8 34. Kh2 h6 35. Bc6 Rc8 36. g3 Ne6 37. Bxb5 Nxd4 38. cxd4 Rxb5 39. Rfc1 Rxc1 40. Rxc1 Rf5 41. Kg1 Qg5 42. Qe2 Qxc1+ 0-1

[Event "*** SCC Grand Prix: Titled Tuesday Blitz"]
[Site "Chess.com"]
[Date "2020.10.13"]
[Round "9"]
[White "Ginger_GM"]
[Black "pavelalexandru07"]
[Result "1-0"]
[WhiteElo "2608"]
[BlackElo "2269"]
[TimeControl "180+1"]
[EndTime "11:44:38 PDT"]
[Termination "Ginger_GM won by resignation"]

1. e4 c5 2. a3 d6 3. b4 b6 4. Nc3 Nf6 5. e5 dxe5 6. Qf3 e4 7. Nxe4 Qd4 8. Nxf6+ Qxf6 9. Bb5+ Kd8 10. Qxa8 Qxa1 11.
Ne2 Qe5 12. d4 cxd4 13. Bd3 Qd6 14. Nxd4 Qxd4 15. Qxb8 Qc3+ 16. Bd2 Qc7 17. Qxc7+ Kxc7 18. Bf4+ Kd8 19. O-O e6 20. Rd1 Ke7 21. Bb5 Kf6 22.
Rd8 Bb7 23. Bd6 Bxd6 24. Rxh8 h6 25. Rd8 Be7 26. Rd7 Be4 27. Bd3 Bxd3 28. Rxd3 a5 29.
c3 axb4 30. axb4 Ke5 31. f3 f5 32. Kf2 Bf6 33. Ke2 f4 34. Rd7 Kf5 35. Kd3 g5 36. Rb7 Bd8 37. c4 h5 38. c5 bxc5 39. bxc5 g4 40. c6 g3 41. h3 h4 42. c7 Bxc7 43.
Rxc7 e5 44. Rc5 Ke6 45. Ke4 Kf6 46. Rxe5 Kg6 1-0

[Event "*** SCC Grand Prix: Titled Tuesday Blitz"]
[Site "Chess.com"]
[Date "2020.10.13"]
[Round "9"]
[White "CaspiIsrael"]
[Black "DenLaz"]
[Result "1/2-1/2"]
[WhiteElo "2598"]
[BlackElo "2793"]
[TimeControl "180+1"]
[EndTime "11:44:39 PDT"]
[Termination "Game drawn - insufficient material"]

1. e4 e6 2. d4 d5 3. Nd2 dxe4 4. Nxe4 Bd7 5. Nf3 Bc6 6. Bd3 Nd7 7. c3 Ngf6 8. Nxf6+ Nxf6 9. Bf4 Bd6 10. Bg5 Qe7 11. Qe2 O-O-O 12. O-O h6 13. Bh4 g5 14. Bg3 Nd5 15.
Ne5 Bxe5 16. Bxe5 f6 17. Bg3 h5 18. c4 Nb4 19. Bf5 h4 20. a3 hxg3 21. Qxe6+ Qxe6 22. Bxe6+ Kb8 23. axb4 gxh2+ 24. Kh1 Rxd4 25. Rad1 Rxd1 26.
Rxd1 a6 27. Bd5 Bxd5 28. Rxd5 Rh4 29. b3 Kc8 30. g3 Rh6 31. f3 b6 32. g4 Kb7 33. b5 axb5 34. cxb5 Kc8 35. Rd4 Rh3 36. Rd3 Rh7 37. Rd5 Re7 38. Rf5 Re6 39. Kxh2 Kd7 40.
Kg3 Kd6 41. Kf2 Ke7 42. Rd5 Rd6 43. Rxd6 Kxd6 44. Ke3 Kc5 45. Ke4 Kxb5 46. Kf5 Kb4 47. Kxf6 Kxb3 48. Kxg5 c5 49. Kf5 c4 50. g5 c3 51. g6 c2 52. g7 c1=Q 53. g8=Q+ Qc4 54. Qxc4+ Kxc4 55. Ke6 b5 56. f4 b4 57. f5 b3 58.
f6 b2 59. f7 b1=Q 60. f8=Q Qe4+ 61. Kf7 Qf5+ 62. Ke8 Qxf8+ 63. Kxf8 1/2-1/2

[Event "*** SCC Grand Prix: Titled Tuesday Blitz"]
[Site "Chess.com"]
[Date "2020.10.13"]
[Round "9"]
[White "AldokhinIvan"]
[Black "W_Amadeus"]
[Result "0-1"]
[WhiteElo "2546"]
[BlackElo "2705"]
[TimeControl "180+1"]
[EndTime "11:44:39 PDT"]
[Termination "W_Amadeus won by resignation"]

1. e4 e5 2. Nf3 Nc6 3. Bb5 a6 4. Ba4 Nf6 5. O-O Be7 6. Re1 b5 7. Bb3 O-O 8. d4 d6 9. c3 Bg4 10. d5 Na5 11. Bc2 Qc8 12. h3 Bd7 13. Nbd2 c6 14. dxc6 Qxc6 15. Nf1 Rfd8 16. Ng3 Rac8 17. Bd3 h6 18. Nh4 Bf8 19. Qf3 d5 20. exd5 Qxd5 21. Ne4 Nxe4 22. Bxe4 Qe6 23. Be3 Nc4 24. Bb7 Rb8 25.
Ba7 Rxb7 26. Qxb7 Bc6 27. Qxa6 Ra8 28. a4 bxa4 29. Nf3 Bc5 30. Nd4 Bxd4 31. cxd4 Qd5 32. f3 exd4 33. Rac1 Bb5 34. Qb6 Nxb6 35. Bxb6 d3 36.
Rcd1 Bc4 37. Be3 Bb3 38. Rc1 d2 39. Bxd2 Qxd2 0-1

[Event "*** SCC Grand Prix: Titled Tuesday Blitz"]
[Site "Chess.com"]
[Date "2020.10.13"]
[Round "9"]
[White "GM_Levan_Pantsulaia"]
[Black "Bigfish1995"]
[Result "1-0"]
[WhiteElo "2847"]
[BlackElo "3081"]
[TimeControl "180+1"]
[EndTime "11:44:40 PDT"]
[Termination "GM_Levan_Pantsulaia won by checkmate"]

1. Nf3 d5 2. g3 c5 3. c4 d4 4.
e3 Nc6 5. exd4 cxd4 6. Bg2 e5 7. O-O Nf6 8. d3 Nd7 9. Re1 Be7 10. Na3 O-O 11. Nc2 a5 12. a3 Re8 13. Bd2 a4 14. Nb4 Bf6 15. Nd5 Nc5 16. Bb4 Nb3 17. Rb1 Bf5 18. Nd2 Bxd3 19. Nxb3 Bxb1 20. Nc5 Nxb4 21. axb4 Ba2 22. Nxb7 Qb8 23. Nxf6+ gxf6 24. Qg4+ Kh8 25. Qh4 Re6 26. Be4 Qg8 27. Nc5 Rf8 28.
Nd7 Rc8 29. Nxf6 Qg7 30. Bf5 Rxf6 31. Bxc8 Rc6 32. Bb7 Rg6 33. Bd5 f6 34. Rxe5 Qf8 35. Re1 d3 36. Qd4 Qxb4 37. Re8+ Kg7 38. Rg8+ Kh6 39. Qh4# 1-0

[Event "*** SCC Grand Prix: Titled Tuesday Blitz"]
[Site "Chess.com"]
[Date "2020.10.13"]
[Round "9"]
[White "Snegokhod"]
[Black "SilviusTiberius"]
[Result "1/2-1/2"]
[WhiteElo "2439"]
[BlackElo "2586"]
[TimeControl "180+1"]
[EndTime "11:44:40 PDT"]
[Termination "Game drawn by repetition"]

1. e4 c5 2. Nf3 Nc6 3. Bb5 g6 4. O-O Bg7 5. c3 Nf6 6. Re1 d6 7. d4 cxd4 8. cxd4 O-O 9. d5 a6 10. Bxc6 bxc6 11. dxc6 Qc7 12. e5 dxe5 13. Nxe5 Rd8 14.
Qe2 Nd5 15. Nd2 Nf4 16. Qe4 g5 17. Ndf3 f6 18. Bxf4 gxf4 19. Qc4+ e6 20. Nd3 Rd6 21. Rac1 Kh8 22. Nxf4 e5 23. Nd5 Qa5 24. Ne3 Be6 25. Qe4 Rc8 26. h4 Qxa2 27. Nf5 Bxf5 28. Qxf5 Rdxc6 29. Qxc8+ Rxc8 30. Rxc8+ Bf8 31. Rxf8+ Kg7 32. Ra8 e4 33. Rxe4 Qxb2 34. Rxa6 f5 35. Re1 h6 36. Rae6 Qb5 37. h5 Kg8 38. Rxh6 Qb4 39. Rg6+ Kf7 40.
Ng5+ Kf8 41. h6 Qxe1+ 42. Kh2 Qxf2 43. h7 Qh4+ 44. Kg1 Qe1+ 45. Kh2 Qh4+ 46. Kg1 Qe1+ 47. Kh2 Qh4+ 1/2-1/2

[Event "*** SCC Grand Prix: Titled Tuesday Blitz"]
[Site "Chess.com"]
[Date "2020.10.13"]
[Round "9"]
[White "karenzadita"]
[Black "Jumbo"]
[Result "0-1"]
[WhiteElo "2366"]
[BlackElo "2754"]
[TimeControl "180+1"]
[EndTime "11:44:40 PDT"]
[Termination "Jumbo won on time"]

1. e4 d6 2. d4 g6 3. Nc3 Bg7 4. Be3 c6 5. a4 Nf6 6. h3 O-O 7. Nf3 Nbd7 8. a5 Qc7 9. Qd2 Rb8 10. Be2 b5 11. axb6 axb6 12. O-O b5 13. b4 Nb6 14. e5 Nfd5 15. Nxd5 Nxd5 16. Bh6 f6 17. Bxg7 Kxg7 18. exd6 exd6 19. c3 Re8 20. Bd3 Be6 21. Rfe1 Bf7 22. Ra5 Rxe1+ 23. Qxe1 Re8 24. Qa1 Re7 25. g3 Qd7 26.
Kg2 Nb6 27. Ra6 Na4 28. c4 Qb7 29. cxb5 cxb5 30. Rxd6 Bd5 31. Rxd5 Qxd5 32. Qf1 Nc3 33. Qc1 Ne4 34. Qf4 Nd6 35. Kg1 h5 36. Nd2 g5 37. Qf3 Re1+ 38. Kg2 Qxf3+ 39. Nxf3 Rd1 0-1

[Event "*** SCC Grand Prix: Titled Tuesday Blitz"]
[Site "Chess.com"]
[Date "2020.10.13"]
[Round "9"]
[White "RaunakSadhwani2005"]
[Black "tsvet2005"]
[Result "1-0"]
[WhiteElo "2948"]
[BlackElo "2713"]
[TimeControl "180+1"]
[EndTime "11:44:41 PDT"]
[Termination "RaunakSadhwani2005 won by resignation"]

1. c4 e6 2. Nf3 d5 3. d4 Nf6 4. g3 dxc4 5. Bg2 Bb4+ 6. Bd2 a5 7.
O-O O-O 8. a3 Bxd2 9. Nbxd2 b5 10. a4 c6 11. Ne5 Ra6 12. e3 Nd5 13. Ne4 Nd7 14. Nxd7 Bxd7 15. Nc5 Ra7 16. b3 cxb3 17. Qxb3 b4 18. Rfc1 Nc3 19. Rc2 Qe7 20. f4 Kh8 21.
Ne4 Nd5 22. Rac1 f6 23. Nc5 Nc3 24. Bh3 Re8 25. Qc4 Bc8 26. Rf2 Qd6 27. e4 Rae7 28.
e5 Qd5 29. Qd3 Rd8 30. Rd2 Ree8 31. Re1 fxe5 32. fxe5 Qxc5 33. dxc5 Rxd3 34. Rxd3 Nd5 35. Rf3 Kg8 36. Ref1 h6 37. Rf7 Ba6 38. Rf8+ Rxf8 39. Bxe6+ Kh7 40. Rxf8 Nc3 41. Bg8+ Kg6 42. e6 b3 43. e7 b2 44. e8=Q+ 1-0

[Event "*** SCC Grand Prix: Titled Tuesday Blitz"]
[Site "Chess.com"]
[Date "2020.10.13"]
[Round "9"]
[White "Margency"]
[Black "ASVZ"]
[Result "1-0"]
[WhiteElo "2609"]
[BlackElo "2448"]
[TimeControl "180+1"]
[EndTime "11:44:42 PDT"]
[Termination "Margency won on time"]

1. e4 e6 2. d4 d5 3. Nc3 Bb4 4. e5 c5 5. a3 Ba5 6. Qg4 Ne7 7.
dxc5 Bxc3+ 8. bxc3 Ng6 9. Nf3 Nd7 10. Qg3 Qc7 11. Bb5 O-O 12. Bxd7 Bxd7 13. Be3 b6 14. O-O bxc5 15. h4 Ne7 16. Bf4 Nf5 17.
Qh3 h5 18. c4 d4 19. Ng5 Bc6 20. Rab1 Rab8 21. g4 hxg4 22. Qxg4 Rxb1 23. Rxb1 Rb8 24. Re1 Ba8 25. Qh5 Nh6 26. Kh2 Rb2 27. Nxe6 Qc6 28.
Rg1 Qxe6 29. Bxh6 g6 30. Qg5 Kh7 31. Bf8 Kg8 32. Bd6 Rxc2 33. Qd8+ Kh7 34. Qxa8 Rxf2+ 35. Rg2 Rf1 36. Qe4 Rf5 37. Qg4 1-0

[Event "*** SCC Grand Prix: Titled Tuesday Blitz"]
[Site "Chess.com"]
[Date "2020.10.13"]
[Round "9"]
[White "TheMagnet"]
[Black "GMSrinath"]
[Result "0-1"]
[WhiteElo "2591"]
[BlackElo "2804"]
[TimeControl "180+1"]
[EndTime "11:44:43 PDT"]
[Termination "GMSrinath won by resignation"]

1. d4 Nf6 2. c4 e6 3. Nc3 Bb4 4. f3 d5 5. a3 Bxc3+ 6. bxc3 c6 7. cxd5 cxd5 8. e3 O-O 9. Bd3 b6 10. Ne2 Ba6 11. O-O Bxd3 12. Qxd3 Nbd7 13. Ng3 h5 14. Bb2 Rc8 15. Rae1 h4 16. Nh1 e5 17. e4 h3 18. g3 dxe4 19. fxe4 exd4 20. cxd4 Ne5 21. Qe2 Nc4 22. Nf2 Re8 23. e5 Qd7 24. Rd1 Nd5 25. Bc1 Nc3 26. Qh5 Nxd1 27. Rxd1 Rcd8 28. Bf4 Qa4 29.
Qxh3 Nb2 30. Rb1 Qxd4 31. Qg4 Nd3 32. Rf1 Nxf2 33. Rxf2 Rxe5 34. Qh4 Re1+ 35. Kg2 Qd5+ 36. Kh3 Re6 37. Bg5 Rde8 38. Qf4 f6 39. Bh4 Qd7 40.
Kg2 Re2 41. Qc4+ Qe6 42. Rxe2 Qxc4 43. Rxe8+ Kf7 44. Re3 Qc6+ 45. Kf2 g5 46. Bxg5 fxg5 0-1

[Event "*** SCC Grand Prix: Titled Tuesday Blitz"]
[Site "Chess.com"]
[Date "2020.10.13"]
[Round "9"]
[White "ChessWarrior7197"]
[Black "Zkid"]
[Result "0-1"]
[WhiteElo "3009"]
[BlackElo "2830"]
[TimeControl "180+1"]
[EndTime "11:44:44 PDT"]
[Termination "Zkid won by resignation"]

1. e4 e6 2. d4 d5 3. Nc3 Bb4 4. exd5 exd5 5. Bd3 Nc6 6. Nf3 Nge7 7. O-O O-O 8. Re1 Bf5 9. a3 Bxc3 10. bxc3 Bg6 11. a4 Re8 12. Ba3 Nc8 13. Qd2 Nb6 14. Rxe8+ Qxe8 15. Re1 Qd8 16. Bb5 Qf6 17. h4 a6 18. Bxc6 Qxc6 19.
Qf4 Qxc3 20. Bc5 Nxa4 21. Qxc7 Nxc5 22. dxc5 Be4 23. Re3 Qxc2 24. Ne5 Qd1+ 25. Kh2 Qh5 26. f3 Qxh4+ 27. Kg1 Qf4 28. Re1 Re8 29. fxe4 Qxe5 30. Qxe5 Rxe5 31. Rb1 g6 32. Rxb7 dxe4 33. c6 Rc5 34. c7 Kg7 35. Kf2 Kf6 36. Ke3 Rc4 37. Ra7 Ke5 38. g4 f5 39. gxf5 gxf5 40. Kd2 f4 41.
Rb7 h5 42. Ke2 h4 43. Kf2 Rc2+ 44. Ke1 h3 45. Kd1 Rc6 46. Rb6 Rxc7 47. Rc6 Rxc6 0-1

[Event "*** SCC Grand Prix: Titled Tuesday Blitz"]
[Site "Chess.com"]
[Date "2020.10.13"]
[Round "9"]
[White "Smirnov_Pavel"]
[Black "Indianlad"]
[Result "1-0"]
[WhiteElo "2859"]
[BlackElo "2908"]
[TimeControl "180+1"]
[EndTime "11:44:50 PDT"]
[Termination "Smirnov_Pavel won by checkmate"]

1. d4 Nf6 2. c4 e6 3. Nf3 d5 4. Nc3 Bb4 5. Be3 O-O 6. cxd5 exd5 7. Bd2 c5 8. e3 Nc6 9. a3 Bxc3 10. Bxc3 c4 11.
Be2 b5 12. O-O a5 13. Ne5 Bb7 14. f3 Re8 15. b3 Nd7 16. bxc4 bxc4 17. Rb1 Qc7 18. f4 Nf6 19. Bf3 Rab8 20. Rb5 Ba8 21. a4 Qe7 22. Kh1 h6 23. Qe1 Nb4 24. Rxa5 Nd3 25.
Qd2 Rb3 26. Rb5 Qa3 27. Ra1 Rxc3 28. Rxa3 Rxa3 29. h3 Ne4 30. Bxe4 dxe4 31. Nxc4 Rxa4 32. Nd6 Ra1+ 33. Kh2 Rd8 34. Nf5 g6 35. Nxh6+ Kg7 36.
Ng4 Bc6 37. Rb6 Be8 38. d5 Rc8 39. d6 Rac1 40. Qa5 R8c2 41. Qg5 Ne1 42. Qh6+ Kg8 43. Nf6# 1-0

[Event "*** SCC Grand Prix: Titled Tuesday Blitz"]
[Site "Chess.com"]
[Date "2020.10.13"]
[Round "9"]
[White "gmpeter008"]
[Black "olksuna"]
[Result "1/2-1/2"]
[WhiteElo "2420"]
[BlackElo "2609"]
[TimeControl "180+1"]
[EndTime "11:44:50 PDT"]
[Termination "Game drawn by repetition"]

1. d4 Nf6 2. Nf3 e6 3. Bf4 b5 4. e3 a6 5. a4 b4 6. c3 Bb7 7. Bd3 c5 8. Nbd2 bxc3 9. bxc3 Nd5 10. Qb3 Nxf4 11. exf4 Bd5 12. Bc4 Bxf3 13. Nxf3 Nc6 14. O-O d5 15. Be2 c4 16. Qc2 Bd6 17. f5 O-O 18. h4 h6 19. Rab1 Rb8 20. Rxb8 Bxb8 21.
Rb1 Bc7 22. Rb7 Na5 23. Rb1 Qf6 24. fxe6 fxe6 25. Re1 Nb3 26. Bd1 Kh8 27. g3 Re8 28. h5 Kg8 29. Nh4 Qg5 30. Kg2 Bd6 31. Bf3 Nd2 32. Bxd5 Qxd5+ 33. Kh3 Nf3 34. Qg6 Rf8 35.
Rxe6 Nxh4 36. Kxh4 Qh1+ 37. Kg4 Qd1+ 38. Kh4 Bc7 39. Re7 Qh1+ 40. Kg4 Qd1+ 41. Kh4 Qh1+ 42. Kg4 Qd1+ 43. Kh4 1/2-1/2